 Dungeon Crawl Stone Soup version 0.29-a0-559-g359e09b (webtiles) character file.

Game seed: 8943741995017926466

37378 Illumine the Basher (level 14, -5/166 (171) HPs)
             Began as a Meteoran Fighter on June 8, 2022.
             Was a High Priest of Hepliaklqana.
             Slain by a redback (12 damage)
             ... on level 3 of the Spider Nest.
             The game lasted 00:40:09 (7504 turns).

Illumine the Basher (Meteoran Fighter)              Turns: 7504, Time: 00:40:10

HP:   -5/166 (171)  AC: 27    Str: 22      XL:     14   Next: 65%
MP:   20/20         EV:  2    Int:  7 (10) God:    Hepliaklqana [*****.]
Gold: 495           SH:  6    Dex: 14 (15) Spells: 13/13 levels left

rFire   . . .      SeeInvis +   b - +1 whip (elec)
rCold   . . .      Faith    .   c - +0 buckler
rNeg    . . .      Spirit   .   (body armour currently unavailable)
rPois   +          Reflect  .   (helmet currently unavailable)
rElec   .          Harm     .   (cloak currently unavailable)
rCorr   .          Rampage  .   (gloves currently unavailable)
Will    ++...      NoTele   +   (boots currently unavailable)
Stlth   +.........              (no amulet)
HPRegen 0.37/turn               g - ring of see invisible
MPRegen 0.17/turn               y - ring of willpower

@: lethally poisoned (-5 -> -7), tree-form, glowing, lightly drained
A: stationary, stasis, torment immunity, boosted hp, reduced essence, sense
surroundings 2, otherworldly, glowing, explore regen
a: Renounce Religion, Recall Ancestor, Ancestor Identity, Transference, Idealise


You were on level 3 of the Spider Nest.
You worshipped Hepliaklqana.
Hepliaklqana was extremely pleased with you.
You were a tree.
You visited 5 branches of the dungeon, and saw 25 of its levels.

You collected 1128 gold pieces.
You spent 633 gold pieces at shops.

Inventory:

Hand Weapons
 b - a +1 whip of electrocution (weapon)
 s - a +1 flail of holy wrath
 R - a +2 vorpal mace
 T - the +3 battleaxe "Xailamac" {drain, rElec Dex+3}
   (You bought it in a shop on level 2 of the Orcish Mines)

   A truly terrible weapon, it drains the life of any living foe it strikes.
   Dex:       It affects your dexterity (+3).
   rElec:     It insulates you from electricity.
 U - the +7 great mace of Success {freeze, Drain rCorr Int+3 Dex+4}
   (You found it on level 11 of the Dungeon)

   It freezes those it strikes, dealing additional cold damage.
   It can also slow down cold-blooded creatures.
   Int:       It affects your intelligence (+3).
   Dex:       It affects your dexterity (+4).
   rCorr:     It protects you from acid and corrosion.
   Drain:     It drains your maximum health when unequipped.
Missiles
 v - 27 poisoned darts
 B - 15 boomerangs (quivered)
Armour
 c - a +0 buckler (worn)
 f - a +2 pair of boots of flying (melded)
 p - a +0 cloak (melded)
 w - a +3 chain mail of fire resistance (melded)
 Q - a +0 pair of gloves (melded)
Jewellery
 g - a ring of see invisible (left branch)
 h - a +4 ring of protection
 o - a ring of flight
 y - a ring of willpower (right branch)
 E - a ring of ice
 M - a ring of fire
Wands
 i - a wand of polymorph (6)
 m - a wand of flame (35)
 D - a wand of digging (7)
 H - a wand of paralysis (10)
 P - a wand of iceblast (5)
Scrolls
 a - a scroll of acquirement {unknown}
 e - 3 scrolls of immolation
 k - 2 scrolls of amnesia
 l - a scroll of silence {unknown}
 x - 2 scrolls of torment
 z - a scroll of vulnerability {unknown}
 F - 3 scrolls of magic mapping
 G - a scroll of noise {unknown}
 I - a scroll of brand weapon {unknown}
 L - 2 scrolls of fear
 N - a scroll of fog {unknown}
Potions
 d - a potion of might
 j - a potion of degeneration {unknown}
 n - 3 potions of lignification
 r - 4 potions of mutation
 t - a potion of cancellation
 u - 3 potions of brilliance
 A - a potion of magic {unknown}
 C - 5 potions of haste
 K - 2 potions of flight
 O - a potion of ambrosia {unknown}
Miscellaneous
 J - a lightning rod (3/4)


   Skills:
 + Level 12.4 Fighting
 - Level 14.0 Maces & Flails
 + Level 10.2 Throwing
 + Level 13.4 Armour
 - Level 10.0 Shields
 + Level 6.9 Invocations
 - Level 9.1 Evocations


You had 13 spell levels left.
You didn't know any spells.
Your spell library contained the following spells:

 Spells                   Type           Power      Damage    Failure   Level
 Shock                    Conj/Air       0%         1d3       50%         1
 Gell's Gravitas          Tloc           0%         N/A       86%         3
 Lesser Beckoning         Tloc           0%         N/A       86%         3
 Ozocubu's Armour         Ice            0%         N/A       86%         3
 Portal Projectile        Hex/Tloc       0%         N/A       86%         3
 Swiftness                Air            0%         N/A       86%         3
 Teleport Other           Tloc           0%         N/A       86%         3
 Tukima's Dance           Hex            0%         N/A       86%         3
 Airstrike                Air            0%         N/A       99%         4
 Animate Armour           Summ/Erth      0%         N/A       99%         4
 Blade Hands              Tmut           0%         N/A       100%        5
 Metabolic Englaciation   Hex/Ice        0%         N/A       100%        5
 Iron Shot                Conj/Erth      0%         9d1       100%        6
 Simulacrum               Ice/Necr       0%         N/A       100%        6


Dungeon Overview and Level Annotations

Branches:
Dungeon (13/15)              Lair (6/6) D:11         Shoals (1/4) Lair:2
 Spider (3/4) Lair:3          Orc (2/2) D:11            Elf (0/3) Orc:2
 Temple: D:4-7        Slime: Lair:5-6    Vaults: D:13-14

Altars:
Ashenzari
Hepliaklqana
Okawaru
Qazlal
Vehumet
Yredelemnul
Zin
Beogh
Jiyva

Shops:
D:10 *   Orc:1 [   Orc:2 *[(*

Annotations:
D:8 3 runed translucent doors
D:10 3 runed translucent doors, Caerwyn's ghost, journeyman DsCA


Innate Abilities, Weirdness & Mutations

You are a tree.
Your roots penetrate the ground, keeping you stationary.
You cannot be teleported.
You are immune to unholy pain and torment.
Your maximum health is greatly increased.
Your equipment is partially melded.
Your life essence is reduced to manifest your ancestor. (-10% HP)
You passively map the area around you.
You are easily found by Zot.
You glow in the dark.
You regain HP and MP as you explore.


Message History

You feel magically purged.
You feel less confused.
You feel sick. You block the redback's attack.
The tarantella touches you but does no damage.
You block the wolf spider's attack. The wolf spider bites you.
The tarantella touches you but does no damage.
The tarantella touches you!
* * * LOW HITPOINT WARNING * * *
The tarantella completely misses you.
The wolf spider hits you but does no damage.
The wolf spider bites you but does no damage.
Okay, then.
Okay, then.
As you read the scroll of teleportation, it crumbles to dust.
You feel strangely unstable.
You feel sick. You block the tarantella's attack.
You block the redback's attack. The tarantella barely misses you.
The tarantella touches you but does no damage.
The wolf spider hits you but does no damage.
The wolf spider bites you.
* * * LOW HITPOINT WARNING * * *
You block the tarantella's attack. The wolf spider hits you!
* * * LOW HITPOINT WARNING * * *
The wolf spider bites you but does no damage.
Unknown command.
Really quaff the potion of lignification?
You turn into a tree.
Your +0 cloak melds into your body.
Your +0 pair of gloves melds into your body.
Your +2 pair of boots of flying melds into your body.
Your +3 chain mail of fire resistance melds into your body.
You float gracefully downwards.
You feel less resistant to fire.
Your roots penetrate the ground.
You feel strangely stable.
You feel sick.
The redback bites you but does no damage.
The tarantella touches you but does no damage. x2
The wolf spider hits you but does no damage.
You block the wolf spider's attack. The tarantella touches you!
* * * LOW HITPOINT WARNING * * *
The wolf spider hits you but does no damage.
The wolf spider bites you but does no damage.
The redback bites you!
You die...

########## ## *
##...#^...#..#
, ,
##.#...........
,
#.....#s.....#
* ,,,
#.#^#s♣s#,,,* ,
* *#...sss#
#..#.#...#* , ,
, *#..#...#..#,
,, #.....!##^<#
, .#.#.#..#....
^ *
....#.....#^?.
* *
#.*...#.#..# ##
, * * .. .. .
#.., , *


You could see 2 wolf spiders, 3 tarantellas and a redback (soul bound).

Vanquished Creatures
  A two-headed ogre (Orc:2)
  4 death yaks (Lair:6)
  Nergalle (D:11)
  A sea snake (Shoals:1)
  A pharaoh ant (Spider:3)
  2 lindwurms
  An ugly thing (D:11)
  4 orc sorcerers (Orc:2)
  A cyclops (D:12)
  4 black mambas
  A kobold demonologist (D:9)
  2 cane toads
  2 komodo dragons
  A polar bear (Lair:5)
  A tarantella (Spider:2)
  2 slime creatures (D:12)
  2 dream sheep (Lair:5)
  4 blink frogs
  2 jumping spiders (Lair:3)
  3 culicivoras (Lair:3)
  A wyvern (Lair:4)
  13 yaks
  A vampire mosquito (D:12)
  A basilisk (Lair:6)
  2 redbacks (Lair:3)
  Edmund (D:5)
  An acid dragon (D:12)
  2 wargs
  A water moccasin (Lair:5)
  6 orc warriors
  2 black bears
  An ogre (D:6)
  7 wolves
  A kobold brigand (D:9)
  A phantom (D:5)
  2 bullfrogs
  2 necrophages (D:6)
  3 howler monkeys
  A hound (D:5)
  A jelly (D:6)
  4 orc priests
  An iguana (D:6)
  20 orc wizards
  5 gnolls
  An adder (D:6)
  A worm (D:4)
  24 orcs
  7 ball pythons
  4 endoplasms
  2 giant cockroaches (D:3)
  A goblin (D:2)
  3 hobgoblins (D:3)
  A jackal (D:4)
  10 kobolds
  A bat (D:2)
  A frilled lizard (D:3)
  2 rats
178 creatures vanquished.

Vanquished Creatures (collateral kills)
  A ghost moth (Spider:2)
  3 boulder beetles (D:11)
  2 two-headed ogres
  A pharaoh ant (Spider:2)
  3 orc sorcerers (Orc:2)
  A cyclops (D:11)
  A manticore (Shoals:1)
  2 merfolk sirens (Lair:2)
  2 gargoyles
  5 cane toads
  A polar bear (Lair:4)
  2 merfolk (Lair:2)
  3 dream sheep (Lair:5)
  6 blink frogs
  3 slime creatures (D:12)
  A jumping spider (Spider:2)
  3 wyverns
  A vampire (D:10)
  14 yaks
  A basilisk (Lair:3)
  A steam dragon (D:10)
  3 redbacks
  A vampire mosquito (D:12)
  3 wargs
  4 water moccasins
  4 orc warriors
  An ogre (Orc:2)
  5 wolves (Lair:3)
  3 kobold brigands
  3 bullfrogs
  3 howler monkeys
  2 orc priests (Orc:2)
  3 jellies (D:8)
  22 orc wizards
  2 gnolls (Orc:2)
  38 orcs
  9 kobolds
163 creatures vanquished.

Vanquished Creatures (others)
  8 battlemagi
  2 ancestors
  16 fungi
  28 plants
54 creatures vanquished.

Grand Total: 395 creatures vanquished

Notes
Turn   | Place    | Note
-------+----------+-------------------------------------------
     0 | D:1      | Illumine the Meteoran Fighter began the quest for the Orb.
     0 | D:1      | Reached XP level 1. HP: 19/19 MP: 2/2
   137 | D:2      | Reached skill level 3 in Maces & Flails
   137 | D:2      | Reached XP level 2. HP: 21/26 MP: 3/3
   210 | D:2      | Reached XP level 3. HP: 6/31 MP: 4/4
   648 | D:3      | Reached XP level 4. HP: 40/40 MP: 5/5
   720 | D:3      | Reached skill level 4 in Maces & Flails
   723 | D:3      | Found a hazy altar of Hepliaklqana.
   728 | D:3      | Became a worshipper of Hepliaklqana the Forgotten
   986 | D:4      | Found an iron altar of Okawaru.
  1175 | D:5      | Entered Level 5 of the Dungeon
  1186 | D:5      | Noticed a black bear
  1302 | D:5      | Noticed a phantom
  1313 | D:5      | Killed a phantom
  1314 | D:5      | Reached XP level 5. HP: 39/46 MP: 6/6
  1329 | D:5      | Reached skill level 5 in Maces & Flails
  1329 | D:5      | Reached XP level 6. HP: 52/52 MP: 7/7
  1332 | D:5      | Found a stormy altar of Qazlal.
  1343 | D:5      | Noticed Edmund
  1356 | D:5      | Killed Edmund
  1400 | D:5      | Killed a black bear
  1401 | D:5      | Reached skill level 6 in Maces & Flails
  1401 | D:5      | Reached skill level 5 in Armour
  1401 | D:5      | Reached skill level 5 in Shields
  1401 | D:5      | Reached XP level 7. HP: 42/60 MP: 8/8
  1405 | D:5      | Reached * piety under Hepliaklqana
  1449 | D:6      | Found a glowing silver altar of Zin.
  1471 | D:6      | Reached skill level 1 in Invocations
  1487 | D:6      | Reached skill level 1 in Evocations
  1502 | D:6      | Reached skill level 5 in Fighting
  1521 | D:6      | Found a basalt altar of Yredelemnul.
  1566 | D:6      | Reached XP level 8. HP: 61/61 MP: 10/10
  1650 | D:6      | Reached skill level 7 in Maces & Flails
  1823 | D:7      | Identified the +1 ring mail of Amoavash {-Cast rN+ Will+}
  1908 | D:7      | Reached skill level 8 in Maces & Flails
  2044 | D:8      | Found a runed translucent gate.
  2044 | D:8      | Found a runed translucent gate.
  2044 | D:8      | Found a runed translucent gate.
  2054 | D:8      | Reached ** piety under Hepliaklqana
  2055 | D:8      | Remembered your ancestor Melek as a battlemage
  2056 | D:8      | Noticed a yak
  2058 | D:8      | Noticed a yak
  2058 | D:8      | Noticed a yak
  2062 | D:8      | Killed a yak
  2063 | D:8      | Gained mutation: You passively map the area around you.
                  | [Meteoran growth]
  2063 | D:8      | Reached XP level 9. HP: 58/67 MP: 11/11
  2066 | D:8      | Reached skill level 9 in Maces & Flails
  2097 | D:8      | Found a viscous altar of Jiyva.
  2146 | D:9      | Noticed a kobold demonologist
  2153 | D:9      | Noticed a soul eater
  2153 | D:9      | Killed a kobold demonologist
  2154 | D:9      | Reached skill level 10 in Maces & Flails
  2347 | D:9      | Reached skill level 1 in Throwing
  2444 | D:10     | Entered Level 10 of the Dungeon
  2477 | D:10     | Noticed a gargoyle
  2484 | D:10     | Killed a gargoyle
  2485 | D:10     | Reached skill level 11 in Maces & Flails
  2485 | D:10     | Reached XP level 10. HP: 51/77 MP: 12/12
  2573 | D:10     | Found a runed translucent gate.
  2573 | D:10     | Found a runed translucent gate.
  2573 | D:10     | Found a runed translucent gate.
  2576 | D:10     | Noticed Caerwyn's ghost (journeyman DsCA)
  2597 | D:10     | Found a broken altar of Ashenzari.
  2617 | D:10     | Found a radiant altar of Vehumet.
  2692 | D:10     | Found Inoez's Mass Market.
  2756 | D:11     | Reached skill level 12 in Maces & Flails
  2841 | D:11     | Found a staircase to the Lair.
  2847 | Lair:1   | Entered Level 1 of the Lair of Beasts
  2888 | Lair:1   | HP: 2/79 [yak (4)]
  3120 | Lair:3   | Reached XP level 11. HP: 84/84 MP: 13/13
  3148 | Lair:3   | Reached skill level 13 in Maces & Flails
  3242 | Lair:3   | Reached skill level 14 in Maces & Flails
  3247 | Lair:4   | Reached *** piety under Hepliaklqana
  3281 | Lair:4   | Reached skill level 10 in Armour
  3298 | Lair:4   | Noticed a black mamba
  3304 | Lair:4   | Killed a black mamba
  3356 | Lair:5   | Noticed a death yak
  3436 | Lair:5   | Noticed a lindwurm
  3439 | Lair:5   | Noticed a black mamba
  3443 | Lair:5   | Killed a lindwurm
  3449 | Lair:5   | Killed a black mamba
  3450 | Lair:5   | Reached skill level 5 in Throwing
  3499 | Lair:5   | Reached XP level 12. HP: 46/95 MP: 16/16
  3501 | Lair:5   | Reached skill level 5 in Evocations
  3568 | Lair:6   | Entered Level 6 of the Lair of Beasts
  3576 | Lair:6   | Reached skill level 5 in Invocations
  3645 | Lair:6   | Noticed a death yak
  3645 | Lair:6   | Noticed a death yak
  3645 | Lair:6   | Noticed a death yak
  3655 | Lair:6   | Noticed a death yak
  3666 | Lair:6   | Killed a death yak
  3676 | Lair:6   | Killed a death yak
  3677 | Lair:6   | Reached skill level 10 in Fighting
  3681 | Lair:6   | Killed a death yak
  3690 | Lair:6   | Killed a death yak
  3693 | Lair:6   | Noticed a death yak
  3693 | Lair:6   | Noticed a death yak
  3693 | Lair:6   | Noticed a death yak
  3726 | Lair:6   | Noticed a lindwurm
  3943 | Lair:6   | Killed a lindwurm
  4165 | Lair:4   | Reached XP level 13. HP: 84/102 MP: 17/17
  4205 | Lair:4   | Reached **** piety under Hepliaklqana
  4508 | Lair:2   | Found a staircase to the Shoals.
  4800 | D:11     | Noticed a two-headed ogre
  4806 | D:11     | Killed a two-headed ogre
  4831 | D:11     | Found a staircase to the Orcish Mines.
  4846 | Orc:1    | Entered Level 1 of the Orcish Mines
  4956 | Orc:1    | Found Xuhozocs's Antique Armour Shop.
  4996 | Orc:2    | Entered Level 2 of the Orcish Mines
  5208 | Orc:2    | Found a staircase to the Elven Halls.
  5241 | Orc:2    | Noticed a two-headed ogre
  5249 | Orc:2    | Killed a two-headed ogre
  5251 | Orc:2    | Found Bohit's Assorted Antiques.
  5251 | Orc:2    | Found Feola's Antique Armour Shop.
  5269 | Orc:2    | Reached XP level 14. HP: 92/111 MP: 18/18
  5284 | Orc:2    | Bought a pair of runed boots for 142 gold pieces
  5375 | Orc:2    | Reached ***** piety under Hepliaklqana
  5388 | Orc:2    | Found Exturri's General Store.
  5388 | Orc:2    | Found Reacauff's Antique Weapon Emporium.
  5424 | Orc:2    | Bought a scroll of fear for 63 gold pieces
  5433 | Orc:2    | Bought an ichor-stained battleaxe for 333 gold pieces
  5433 | Orc:2    | Identified the +3 battleaxe "Xailamac" {drain, rElec Dex+3}
                  | (You bought it in a shop on level 2 of the Orcish Mines)
  5491 | D:11     | Identified the +7 great mace of Success {freeze, Drain
                  | rCorr Int+3 Dex+4}
  5816 | Shoals:1 | Entered Level 1 of the Shoals
  6189 | Lair:3   | Found a hole to the Spider Nest.
  6298 | Lair:3   | HP: 4/90 [poisoned by a redback]
  6302 | Lair:3   | HP: 1/90 [poisoned by a redback]
  6979 | Orc:2    | Bought a large steel ring for 95 gold pieces
  7027 | D:11     | Noticed Nergalle
  7040 | D:11     | Killed Nergalle
  7041 | D:11     | Reached skill level 10 in Throwing
  7237 | Spider:1 | Entered Level 1 of the Spider Nest
  7277 | Spider:1 | Noticed an entropy weaver
  7281 | Spider:1 | Noticed an entropy weaver
  7352 | Spider:2 | Noticed a ghost moth
  7368 | Spider:2 | HP: 3/108 [ghost moth (9)]
  7373 | Spider:2 | Killed a ghost moth
  7374 | Spider:2 | Reached skill level 10 in Shields
  7504 | Spider:3 | HP: 7/166 [tarantella (11)]
  7504 | Spider:3 | Slain by a redback

Illustrated notes

Levels and vault maps discovered:
D:1:      tarquinn_simple_flora_water_d, layout_basic,
          nicolae_ecumenical_snake_handling
D:2:      layout_rooms, chequers_serial_rivers_micro_e,
          kennysheep_generic_room_15
D:3:      layout_loops_ring, fedhas_altar_3, worldfamousw_hep_ancestral_shrine
D:4:      layout_gridville, okawaru_trees_1, minmay_temple_entry_overgrown,
          ebering_ghost_sewer_d, minmay_vboxes
D:5:      layout_basic, nicolae_qazlal_general_emergency,
          biasface_ghost_orc_armoury, uniq_edmund
D:6:      layout_cave_pools, mainiacjoe_overflow_tiny_flanked,
          mainiacjoe_overflow_six_doors_small
D:7:      layout_loops_corners, serial_shops, nicolae_shop_advertising_works
          [nicolae_subvault_shop_adworks]
D:8:      layout_basic, mainiacjoe_overflow_brackets,
          nicolae_overflow_quartered_altars, gammafunk_ghost_icy, jiyva_altar_1
D:9:      layout_irregular_city
D:10:     layout_basic, vehumet_altar_wand_db, cheibrodos_ashenzari_chains,
          gammafunk_ghost_ooze, minmay_shop_mass, guppyfry_shop_venom
D:11:     layout_cave_pools, lair_entry_dummy, uniq_nergalle
D:12:     layout_basic
D:13:     layout_cross, erik_vaults_1, serial_shops, shop, serial_bayou_pond_e,
          tgw_xom
Lair:1:   layout_big_grid
Lair:2:   layout_cave_shapes, elwin_shoals_entry_stream, grunt_megastairs_4
Lair:3:   layout_regular_city, nicolae_spider_entry_tight_spaces
Lair:4:   layout_gridlike
Lair:5:   layout_hall_layers, dpeg_slime_entry_corner, nicolae_lair_yak_garden
Lair:6:   grunt_lair_end_beastmaster, layout_misc_corridors
Shoals:1: layout_shoals, gammafunk_ghost_grave, nicolae_shoals_mertower
Spider:1: layout_spider_delve, special_room [special_room_bee],
          beargit_elvish_explorers
Spider:2: layout_chambers, uniq_louise
Spider:3: layout_spider_delve
Orc:1:    layout_caves, serial_shops, shop
Orc:2:    st_orc_town, layout_caves, minmay_orc_temple_b

Skill      XL: |  1  2  3  4  5  6  7  8  9 10 11 12 13 14 |
---------------+-------------------------------------------+-----
Maces & Flails | 3 4 5 6 8 11 12 14 | 14.0
Shields        | 4 5 7 9 10 | 10.0
Armour         | 4 5 6 7 9 10 11 12 13 | 13.4
Fighting       | 4 5 7 8 9 10 11 12 | 12.4
Invocations    | 1 2 4 5 6 |  6.9
Evocations     | 1 2 3 4 7 9 |  9.1
Throwing       | 1 4 5 7 9 10 | 10.2

Action                   |  1- 3 |  4- 6 |  7- 9 | 10-12 | 13-15 || total
-------------------------+-------+-------+-------+-------+-------++-------
Melee: Flail             |    45 |    76 |   114 |   264 |    79 ||   578
       Mace              |       |       |       |       |   125 ||   125
       Whip              |       |       |       |       |   183 ||   183
       Great mace        |       |       |       |       |    24 ||    24
Throw: Stone             |     8 |       |     3 |     1 |       ||    12
       Boomerang         |       |       |       |       |     6 ||     6
Invok: Ancestor Life: Ba |       |       |     1 |       |       ||     1
       Recall Ancestor   |       |       |       |     3 |     4 ||     7
Evoke: Wand              |       |     5 |     4 |     1 |     3 ||    13
       Lightning rod     |       |       |       |       |     3 ||     3
  Use: Scroll            |       |     3 |     3 |     7 |    11 ||    24
       Potion            |       |       |       |     5 |     7 ||    12
 Stab: Distracted        |       |       |     2 |     3 |     5 ||    10
Armor: Scale mail        |    24 |    38 |       |       |       ||    62
       Ring mail         |       |     3 |    42 |       |       ||    45
       Chain mail        |       |       |    11 |   131 |   245 ||   387
       Skin              |       |       |       |       |     6 ||     6
Dodge: Dodged            |    26 |    20 |    21 |    68 |    93 ||   228
Block: Buckler           |    14 |    18 |    20 |    62 |   102 ||   216

Table legend: (Time is in decaauts)
 A = Elapsed time spent in this place.
 B = Non-inter-level travel time spent in this place.
 C = Inter-level travel time spent in this place.
 D = Time resting spent in this place.
 E = Time spent auto-exploring this place.
 F = Levels seen in this place.
 G = Mean time per level.
                   A        B        C        D        E       F      G
               +--------+--------+--------+--------+--------+-----+--------+
         Total |   7343 |   6509 |    834 |   1240 |   1209 |  25 |  293.7 |
       Dungeon |   3723 |   3327 |    396 |    444 |   1074 |  13 |  286.4 |
          Lair |   2706 |   2353 |    353 |    696 |    135 |   6 |  451.0 |
        Shoals |     13 |     13 |      0 |      0 |      0 |   1 |   13.0 |
   Spider Nest |    227 |    217 |     10 |    100 |      0 |   3 |   75.7 |
  Orcish Mines |    672 |    598 |     74 |      0 |      0 |   2 |  336.0 |
               +--------+--------+--------+--------+--------+-----+--------+

Top non-repeatable levels by time:
  Lair:3: 676 daAuts
  Lair:2: 652 daAuts
     D:2: 597 daAuts
    D:12: 494 daAuts
  Lair:4: 465 daAuts
    D:11: 445 daAuts
   Orc:2: 430 daAuts
  Lair:5: 414 daAuts
     D:3: 335 daAuts
     D:6: 327 daAuts
     D:9: 315 daAuts
     D:4: 314 daAuts
  Lair:1: 305 daAuts
    D:10: 291 daAuts
   Orc:1: 241 daAuts
